 Dungeon Crawl Stone Soup version 0.27-a0-1245-g940ed4fa31 (console) character file.

Game seed: 10780670001945549402

123815 jejorda2 the Fencer (level 16, -3/127 HPs)
             Began as a Merfolk Berserker on June 9, 2021.
             Was a High Priest of Trog.
             Slain by a six-headed hydra (4 damage)
             ... on level 3 of the Swamp.
             The game lasted 01:20:18 (24434 turns).

jejorda2 the Fencer (Merfolk Berserker)            Turns: 24434, Time: 01:20:18

Health: -3/127     AC: 26    Str: 19    XL:     16   Next: 91%
Magic:  16/16      EV: 13    Int:  6    God:    Trog [*****.]
Gold:   1583       SH:  7    Dex: 15    Spells: 15/15 levels left

rFire    + . .     SeeInvis .   a - +2 double sword (holy)
rCold    + . .     Faith    .   k - +0 buckler
rNeg     . . .     Spirit   .   K - +2 chain mail {rF+}
rPois    +         Reflect  .   f - +2 helmet
rElec    +         Harm     .   v - +2 cloak
rCorr    +         Rampage  .   j - +2 pair of gloves
Will     +....                  I - +0 pair of boots
Stlth    ..........             r - amulet of regeneration
HPRegen  1.31/turn              E - ring of protection from cold
MPRegen  0.15/turn              D - ring of Desertification {Fly rElec rPois rCorr Str-4}

@: about to teleport, flying, studying Armour
A: (nimble swimmer 2), mertail
a: Renounce Religion, Berserk, Trog's Hand, Brothers in Arms


You were on level 3 of the Swamp.
You worshipped Trog.
Trog was extremely pleased with you.
You visited 4 branches of the dungeon, and saw 26 of its levels.
You also visited: Sewer, Ice Cave and Volcano.

You collected 3173 gold pieces.
You spent 1590 gold pieces at shops.

Inventory:

Hand Weapons
 a - a +2 double sword of holy wrath (weapon)
 b - a +4 scimitar of flaming
 J - the +7 long sword of Areroliq {antimagic, Dex+3}
   (Trog gifted it to you on level 2 of the Orcish Mines)

   It reduces the magical energy of the wielder, and disrupts the spells and
   magical abilities of those hit.
   Natural abilities and divine invocations are not affected.
   It affects your dexterity (+3).
 O - a +0 scimitar of freezing
Missiles
 e - 63 poisoned darts (quivered)
 n - 2 throwing nets
 u - a curare-tipped dart
 x - 5 boomerangs of dispersal
 P - 5 javelins
 V - 8 boomerangs
 Y - 8 atropa-tipped darts
Armour
 f - a +2 helmet (worn)
 j - a +2 pair of gloves (worn)
 k - a +0 buckler (worn)
 v - a +2 cloak (worn)
 I - a +0 pair of boots (worn)
 K - a +2 chain mail of fire resistance (worn)
Jewellery
 h - a +4 ring of evasion
 r - an amulet of regeneration (around neck)
 D - the ring of Desertification (right hand) {Fly rElec rPois rCorr Str-4}
   (You bought it in a shop on level 1 of the Orcish Mines)

   [ring of flight]

   It affects your strength (-4).
   It insulates you from electricity.
   It protects you from poison.
   It grants you flight.
   It protects you from acid and corrosion.
 E - a ring of protection from cold (left hand)
 F - a ring of resist corrosion
 L - a ring of flight
 Q - a ring of willpower
 W - a ring of ice
Wands
 c - a wand of iceblast (15)
 w - a wand of polymorph (11)
 z - a wand of paralysis (25)
 A - a wand of charming (24)
 B - a wand of flame (115)
 U - a wand of acid (8)
 X - a wand of digging (7)
Scrolls
 d - 3 scrolls of fog
 C - 9 scrolls of identify
 G - 7 scrolls of teleportation
 H - 2 scrolls of summoning
 M - a scroll of magic mapping
Potions
 g - 2 potions of cancellation
 i - 6 potions of mutation
 l - 5 potions of heal wounds
 m - 9 potions of attraction
 o - 3 potions of lignification
 p - 18 potions of curing
 q - 8 potions of ambrosia
 s - 8 potions of flight
 t - 2 potions of might
 y - 2 potions of haste
 S - a potion of resistance
Miscellaneous
 N - a lightning rod (4/4)


   Skills:
 - Level 12.0 Fighting
 - Level 16.0 Long Blades
 + Level 11.2 Throwing
 + Level 12.2 Armour
 - Level 12.0 Dodging
 + Level 10.8 Shields
 - Level 6.0 Evocations


You had 15 spell levels left.
You didn't know any spells.
Your spell library was empty.

Dungeon Overview and Level Annotations

Branches:
Dungeon (15/15)            Temple (0/1) D:7            Lair (6/6) D:9
  Swamp (2/4) Lair:4       Spider (0/4) Lair:3        Slime (0/5) Lair:6
    Orc (2/2) D:12            Elf (0/3) Orc:2        Vaults (0/5) D:13
 Depths (0/5) D:15          Sewer (visited)           IceCv (visited)
Volcano (visited)

Altars:
Elyvilon
Hepliaklqana
Nemelex Xobeh
Okawaru
Beogh

Shops:
D:3 *   D:8 (   Orc:1 =   Orc:2 (*?*

Annotations:
Lair:3 1 runed translucent door, drugrobin's ghost, journeyman DgWr


Innate Abilities, Weirdness & Mutations

((You are quick and stealthy near water. (Stealth+, EV+, Speed+++)))
Your lower body shifts to a powerful aquatic tail in water.


Message History

The spriggan rider barely misses your two-headed ogre.
Unknown command.
The foxfire hits you! You resist.
* * * LOW HITPOINT WARNING * * *
Your two-headed ogre is engulfed in noxious fumes.
Your two-headed ogre appears confused.
The alligator is engulfed in noxious fumes.
The alligator appears confused.
The alligator puts on a burst of speed!
Your two-headed ogre is engulfed in noxious fumes.
Your two-headed ogre appears confused.
Your two-headed ogre barely misses the spriggan. x2
The alligator is engulfed in noxious fumes.
The alligator closely misses you.
The alligator tail-slaps you but does no damage.
You see here a swamp worm corpse.
A will-o-the-wisp comes into view.
The spriggan rider is engulfed in noxious fumes.
The spriggan rider appears confused.
The spriggan rider hits the alligator with a +0 spear!
Your two-headed ogre is engulfed in noxious fumes.
The alligator is engulfed in noxious fumes.
The alligator appears confused.
The alligator barely misses the spriggan.
The spriggan blocks the alligator's attack.
Items here: ) [ †.
Unknown command.
As you read the scroll of teleportation, it crumbles to dust.
You feel strangely unstable.
The sentinel's mark upon you fades away.
Your two-headed ogre hits the swamp drake with a +0 giant club!!
The swamp drake dies!
Trog accepts your kill.
The spriggan hits your two-headed ogre from afar with a +0 spear.
The swamp worm fires a harpoon shot at you.
The harpoon shot hits your two-headed ogre!
You block the alligator's attack. The alligator tail-slaps you!
* * * LOW HITPOINT WARNING * * *
You block the six-headed hydra's attack.
The six-headed hydra bites you.
You die...

#÷######...♣♣
#..#...#..♣♣
+......#..♣
#...#..♣
##.wt..♣
#†Ov...♣ ♣
#.it#.v♣
≈...####D#i#..♣
♣..v.@t....♣♣
≈≈..........♣♣
≈≈....≈♣...♣♣
≈.........♣.♣
..§.....≈.≈≈.♣
.....♣≈$....♣♣
...≈..♣♣♣..♣♣
..≈♣≈. ...


You could see 3 alligators, a six-headed hydra (corroded), a spriggan rider
(confused), 2 will-o-the-wisps, a swamp worm (ally target), a spriggan
(corroded) and a friendly two-headed ogre (summoned, berserk, confused).

Vanquished Creatures
  Agnes (D:15)
  Kirke (Lair:5)
  2 orc warlords
  The ghost of Strat the Destroyer, a journeyman KoVM of Dithmenos (Orc:2)
  A red draconian (Volcano)
  A bunyip (Swamp:1)
  Snorg (D:14)
  2 fire dragons (Lair:6)
  An ettin (Orc:1)
  Harold (D:11)
  10 hydras
  2 ghost crabs
  5 boulder beetles
  4 centaur warriors
  2 ogre magi
  2 death yaks (Lair:5)
  14 two-headed ogres
  A tengu warrior (D:13)
  3 alligators
  A storm dragon zombie (D:15)
  A flayed ghost (D:15)
  A goliath frog (Swamp:3)
  A skeletal warrior (D:15)
  3 spriggan druids
  2 bog bodies
  2 wizards
  A swamp dragon (Lair:6)
  A lindwurm (Lair:6)
  10 cyclopes
  3 orc sorcerers
  4 deep elf pyromancers
  4 orc knights
  5 will-o-the-wisps
  A frost giant zombie (D:15)
  An oklob plant (Lair:3)
  A moth of wrath (Orc:2)
  9 ugly things
  2 manticores
  2 ice statues (IceCv)
  Maurice (Orc:2)
  9 black mambas
  15 elephants
  10 cane toads
  5 torpor snails (Lair:6)
  An unseen horror (D:12)
  7 rime drakes
  15 komodo dragons
  Psyche (D:11)
  2 efreet
  A guardian mummy (D:15)
  3 meliai (D:13)
  A queen bee (D:13)
  7 trolls
  A polar bear (Lair:4)
  7 tyrant leeches
  8 hornets
  20 blink frogs
  8 slime creatures
  7 dream sheep (Lair:6)
  An ettin zombie (D:15)
  2 shadows
  A spriggan (Swamp:1)
  A wraith (D:13)
  39 yaks
  2 vampires
  4 redbacks (Lair:3)
  4 basilisks
  A human (D:12)
  A hog (Lair:5)
  Grum (D:8)
  A steam dragon (D:8)
  Menkaure (D:7)
  6 vampire mosquitoes
  A tengu zombie (D:15)
  6 wargs
  6 acid dragons
  9 swamp worms
  15 water moccasins
  3 swamp drakes
  3 sky beasts
  44 orc warriors
  14 ice beasts
  2 black bears
  9 ogres
  A hornet zombie (D:7)
  3 wolves (D:8)
  18 centaurs
  A phantom (D:6)
  4 kobold brigands
  13 bullfrogs
  A gnoll sergeant (Orc:1)
  2 scorpions
  A water moccasin zombie (D:6)
  5 wights (D:7)
  22 killer bees (D:13)
  2 howler monkeys (D:10)
  7 centaur zombies
  A jelly (D:5)
  2 gnoll shamans
  20 orc priests
  A bullfrog skeleton (D:7)
  4 hounds
  Crazy Yiuf (D:5)
  A centaur skeleton (D:5)
  6 iguanas
  15 orc wizards
  A howler monkey zombie (D:10)
  11 gnolls
  10 adders
  A white imp (D:8)
  2 ufetubi (D:6)
  3 worms
  3 dart slugs
  63 orcs
  8 ball pythons
  6 endoplasms
  10 giant cockroaches
  6 goblins
  10 hobgoblins
  2 jackals (D:1)
  24 kobolds
  6 quokkas
  10 bats
  6 frilled lizards
  8 rats
  A spectral hobgoblin (D:14)
738 creatures vanquished.

Vanquished Creatures (collateral kills)
  A fenstrider witch (Swamp:3)
  A hydra (D:12)
  Urug (D:11)
  An orc knight (Orc:1)
  A necromancer (D:15)
  A cane toad (Lair:1)
  A troll (D:11)
  A polar bear (Lair:5)
  A basilisk (D:12)
  6 wargs (Orc:2)
  A vampire mosquito (Swamp:3)
  A swamp worm (Swamp:3)
  An acid dragon (D:11)
  A water moccasin (Lair:1)
  A swamp drake (Swamp:3)
  A centaur (D:15)
  An iguana (Lair:6)
22 creatures vanquished.

Vanquished Creatures (others)
  A two-headed ogre (Volcano)
  An ugly thing (IceCv)
  A bloated husk (Swamp:1)
  A steam dragon (Lair:6)
  2 humans (Lair:5)
  A swamp worm (Swamp:3)
  An orc (Orc:2)
  22 foxfires
  28 fungi
  67 plants
  5 withered plants (D:15)
130 creatures vanquished.

Grand Total: 890 creatures vanquished

Notes
Turn   | Place    | Note
-------+----------+-------------------------------------------
     0 | D:1      | jejorda2 the Merfolk Berserker began the quest for the Orb.
     0 | D:1      | Reached XP level 1. HP: 18/18 MP: 1/1
   358 | D:1      | Reached XP level 2. HP: 23/24 MP: 2/2
  1201 | D:2      | Reached ** piety under Trog
  1210 | D:2      | Reached skill level 4 in Long Blades
  1210 | D:2      | Reached XP level 3. HP: 29/30 MP: 3/3
  1495 | D:2      | Reached XP level 4. HP: 10/37 MP: 4/4
  1825 | D:2      | Found an iron altar of Okawaru.
  2058 | D:2      | Found a faded altar of an unknown god.
  2593 | D:3      | Reached *** piety under Trog
  2684 | D:3      | Reached XP level 5. HP: 42/42 MP: 5/5
  2687 | D:3      | Reached skill level 5 in Long Blades
  3022 | D:3      | Found Quptek's Assorted Antiques.
  3389 | D:4      | Reached XP level 6. HP: 49/49 MP: 6/6
  3810 | D:5      | Entered Level 5 of the Dungeon
  3949 | D:5      | Reached skill level 6 in Long Blades
  3978 | D:5      | Found a glowing drain.
  3999 | Sewer    | Entered a sewer
  4036 | Sewer    | Reached skill level 5 in Fighting
  4036 | Sewer    | Reached XP level 7. HP: 55/56 MP: 7/7
  4137 | Sewer    | Reached **** piety under Trog
  4331 | D:5      | Reached skill level 7 in Long Blades
  4424 | D:5      | Found a runed translucent door.
  4425 | D:5      | Noticed Crazy Yiuf
  4432 | D:5      | Killed Crazy Yiuf
  4713 | D:5      | Reached XP level 8. HP: 64/64 MP: 8/8
  5026 | D:6      | Reached skill level 8 in Long Blades
  5540 | D:6      | Reached skill level 9 in Long Blades
  5576 | D:6      | Identified a scroll of acquirement
  5576 | D:6      | Acquired 376 gold pieces
  5690 | D:3      | Bought a scroll labelled QALLYST XEHAUT for 19 gold pieces
  5690 | D:3      | Bought an encrusted wooden wand for 76 gold pieces
  5690 | D:3      | Bought a scroll labelled XAINYDW AJUI for 19 gold pieces
  5690 | D:3      | Bought a scroll labelled VUUTEKU VOPOO for 19 gold pieces
  5775 | D:7      | Noticed a cyclops
  5797 | D:7      | Killed a cyclops
  5798 | D:7      | Reached XP level 9. HP: 69/69 MP: 9/9
  5826 | D:7      | Noticed a two-headed ogre
  5836 | D:7      | Killed a two-headed ogre
  5837 | D:7      | Reached skill level 10 in Long Blades
  5837 | D:7      | Reached skill level 5 in Armour
  5837 | D:7      | Reached skill level 5 in Dodging
  6130 | D:7      | Noticed Menkaure
  6138 | D:7      | Killed Menkaure
  6143 | D:7      | Reached skill level 11 in Long Blades
  6205 | D:7      | Reached XP level 10. HP: 76/76 MP: 10/10
  6389 | D:7      | Found a staircase to the Ecumenical Temple.
  6627 | D:8      | Reached ***** piety under Trog
  6636 | D:8      | Reached skill level 12 in Long Blades
  6823 | D:8      | Noticed Grum
  6830 | D:8      | Killed Grum
  6951 | D:8      | Found Luxeal's Antique Weapon Emporium.
  6964 | D:8      | Bought a glowing scimitar for 175 gold pieces
  7430 | D:9      | Noticed a cyclops
  7448 | D:9      | Killed a cyclops
  7449 | D:9      | Reached skill level 13 in Long Blades
  7810 | D:9      | Found a sparkling altar of Nemelex Xobeh.
  7833 | D:9      | Found a staircase to the Lair.
  8025 | D:10     | Entered Level 10 of the Dungeon
  8164 | D:10     | Reached skill level 14 in Long Blades
  8164 | D:10     | Reached XP level 11. HP: 80/81 MP: 11/11
  8210 | D:10     | Noticed a purple ugly thing
  8231 | D:10     | Killed a purple ugly thing
  8266 | D:10     | Noticed a two-headed ogre
  8276 | D:10     | Killed a two-headed ogre
  8735 | D:11     | Noticed a white ugly thing
  8751 | D:11     | Killed a white ugly thing
  8869 | D:11     | Noticed Psyche
  8878 | D:11     | Reached skill level 15 in Long Blades
  8885 | D:11     | Killed Psyche
  8984 | D:11     | Noticed Harold
  9005 | D:11     | Killed Harold
  9057 | D:11     | Noticed a cyclops
  9064 | D:11     | Killed a cyclops
  9183 | D:11     | Received a gift from Trog
  9261 | D:11     | Noticed Urug
  9271 | D:11     | Killed Urug
  9516 | D:11     | Noticed a two-headed ogre
  9529 | D:11     | Killed a two-headed ogre
  9530 | D:11     | Reached skill level 16 in Long Blades
  9530 | D:11     | Reached skill level 1 in Evocations
  9585 | D:12     | Noticed an eight-headed hydra
  9586 | D:12     | Noticed a two-headed ogre
  9672 | Lair:1   | Entered Level 1 of the Lair of Beasts
  9686 | Lair:1   | Reached XP level 12. HP: 88/93 MP: 12/12
 10653 | Lair:2   | Found a dark tunnel.
 10665 | Volcano  | Entered a volcano
 10686 | Volcano  | Noticed a two-headed ogre
 10686 | Volcano  | Noticed a two-headed ogre
 10688 | Volcano  | Noticed a two-headed ogre
 10706 | Volcano  | Found a radiant altar of Vehumet.
 10706 | Volcano  | Noticed a red draconian
 10711 | Volcano  | Noticed a two-headed ogre
 10711 | Volcano  | Noticed a two-headed ogre
 10718 | Volcano  | Noticed a two-headed ogre
 10754 | Volcano  | Noticed an ogre mage
 10764 | Volcano  | Killed an ogre mage
 10765 | Volcano  | Reached skill level 1 in Throwing
 10788 | Volcano  | Killed a red draconian
 10793 | Volcano  | Killed a two-headed ogre
 10794 | Volcano  | Reached skill level 5 in Evocations
 10795 | Volcano  | Killed a two-headed ogre
 10850 | Volcano  | Killed a two-headed ogre
 10856 | Volcano  | Killed a two-headed ogre
 10857 | Volcano  | Reached skill level 10 in Fighting
 10859 | Volcano  | Killed a two-headed ogre
 10862 | Volcano  | Identified the +2 hat of Parts Unknown {Str+5 Dex-4}
 11854 | Lair:3   | Found a runed translucent door.
 11854 | Lair:3   | Noticed drugrobin's ghost (journeyman DgWr)
 11923 | Lair:3   | Found a hole to the Spider Nest.
 11935 | Lair:3   | Reached skill level 5 in Throwing
 12141 | Lair:3   | Reached XP level 13. HP: 80/105 MP: 13/13
 12691 | Lair:4   | Found a staircase to the Swamp.
 14352 | Lair:5   | Noticed Kirke
 14362 | Lair:5   | Killed Kirke
 14363 | Lair:5   | Reached XP level 14. HP: 115/115 MP: 14/14
 14496 | Lair:5   | Received a gift from Trog
 15090 | Lair:6   | Entered Level 6 of the Lair of Beasts
 15671 | Lair:6   | Reached skill level 10 in Dodging
 15938 | Lair:6   | Found a staircase to the Slime Pits.
 16296 | Lair:6   | HP: 5/115 [poisoned by a swamp dragon (poison gas)]
 16296 | Lair:6   | HP: 2/115 [steam dragon (3)]
 16572 | Lair:6   | Found a runed translucent door.
 16597 | Lair:6   | Received a gift from Trog
 16910 | Lair:6   | Reached XP level 15. HP: 120/120 MP: 15/15
 16937 | Lair:6   | Reached skill level 10 in Armour
 17463 | D:12     | Found a staircase to the Orcish Mines.
 18343 | D:13     | Reached skill level 10 in Throwing
 18668 | D:13     | Reached skill level 1 in Shields
 18684 | D:13     | Found a gate to the Vaults.
 19275 | D:14     | Noticed Snorg
 19288 | D:14     | Killed Snorg
 19381 | D:14     | Reached skill level 5 in Shields
 19557 | D:14     | Found a hazy altar of Hepliaklqana.
 19767 | D:15     | Entered Level 15 of the Dungeon
 19852 | D:15     | Found a frozen archway.
 19895 | IceCv    | Entered an ice cave
 19971 | IceCv    | Found a transporter.
 19989 | IceCv    | Found a transporter.
 20096 | D:15     | Noticed Agnes
 20114 | D:15     | Killed Agnes
 20223 | D:15     | Reached XP level 16. HP: 127/127 MP: 16/16
 20271 | D:15     | Found a white marble altar of Elyvilon.
 20471 | D:15     | Found a staircase to the Depths.
 20937 | Orc:1    | Entered Level 1 of the Orcish Mines
 20982 | Orc:1    | HP: 8/190 [ettin/+1 dire flail of protection (30)]
 20984 | Orc:1    | HP: 2/190 [ettin/+1 dire flail of protection (7)]
 21167 | Orc:1    | Received a gift from Trog
 21237 | Orc:1    | Found Foirer's Jewellery Shop.
 21248 | Orc:1    | Bought the ring of Desertification {Fly rElec rPois rCorr
                  | Str-4} for 493 gold pieces
 21798 | Orc:2    | Entered Level 2 of the Orcish Mines
 21804 | Orc:2    | Paralysed by an orc sorcerer for 3 turns
 21872 | Orc:2    | Found a staircase to the Elven Halls.
 22012 | Orc:2    | Reached skill level 10 in Shields
 22155 | Orc:2    | Found a transporter.
 22191 | Orc:2    | Noticed Strat's ghost (journeyman KoVM)
 22230 | Orc:2    | Found a transporter.
 22264 | Orc:2    | Noticed Maurice
 22290 | Orc:2    | Killed Maurice
 22591 | Orc:2    | Identified the +7 long sword of Areroliq {antimagic, Dex+3}
                  | (Trog gifted it to you on level 2 of the Orcish Mines)
 22591 | Orc:2    | Received a gift from Trog
 22629 | Orc:2    | Found Ofunuz's Magic Scroll Shop.
 22629 | Orc:2    | Found Xidee's General Store.
 22629 | Orc:2    | Found Feyciwofuu's Weapon Shoppe.
 22660 | Orc:2    | Found Ryebu's General Store.
 22922 | Orc:2    | Bought a scroll of acquirement for 520 gold pieces
 22922 | Orc:2    | Bought a scroll of fear for 35 gold pieces
 22925 | Orc:2    | Bought a wand of digging (5) for 234 gold pieces
 22926 | Orc:2    | Acquired a manual of Armour
 23000 | Orc:2    | Killed Strat's ghost
 23271 | Swamp:1  | Entered Level 1 of the Swamp
 23397 | Swamp:1  | Identified the +0 pair of boots of Eckieck {rElec rC- Str+8
                  | Dex+2}
 23966 | Swamp:1  | HP: 6/127 [swamp worm (3)]
 24317 | Swamp:2  | You are sucked into a shaft and drop 1 floor!
 24426 | Swamp:3  | Noticed a fenstrider witch
 24428 | Swamp:3  | Killed a fenstrider witch
 24434 | Swamp:3  | HP: 1/127 [alligator (10)]
 24434 | Swamp:3  | Slain by a six-headed hydra

Illustrated notes

Levels and vault maps discovered:
D:1:      scummos_arrival_hexagon, layout_basic, chequers_hall_statues_y
D:2:      layout_loops_ring, basic_altar,
          shapermc_ecumenical_altar_starsandcircs, minmay_pentomino_o4
D:3:      layout_loops_cross, serial_shops, shop_fountains
D:4:      layout_gridville
D:5:      layout_loops_ring, gup_sewer_entry_pipe, uniq_crazy_yiuf_cottage
D:6:      layout_rooms, st_stairs_10
D:7:      layout_basic, minmay_temple_entry_glassed_door, uniq_menkaure
D:8:      layout_gridville, serial_shops, nicolae_shop_window_shopping,
          uniq_grum
D:9:      layout_loops_ring, nemelex_diamond_rough_becter, david_lair_shrubbed,
          abandoned_shop
D:10:     layout_basic
D:11:     layout_gridville, uniq_harold, uniq_psyche, uniq_urug
D:12:     layout_gridville, erik_orc_4, due_unseen_surprise
D:13:     layout_roguey [special_room_bee], david_vaults_1, dk_noncrumbling_4
D:14:     layout_big_octagon, nicolae_hepliaklqana_monster_ancestors, uniq_snorg
D:15:     gammafunk_depths_entry_grave, layout_basic,
          portal_ice_cave_entry_ice_beasts, elyvilon_altar_3,
          nrook_mini_backslash, chequers_serial_rivers_large_b, uniq_agnes
Lair:1:   layout_regular_city, hangedman_lair_unloving_vines
Lair:2:   layout_regular_city, nicolae_volcano_entry_hallway,
          hibernation_bobbens
Lair:3:   layout_gridlike, spider_nest_entry_webs, ebering_ghost_inner_flame,
          eino_small_chamber_without_monster
Lair:4:   layout_loops_ring, skrybe_swamp_entry_bodies, guppyfry_lair_drakes
Lair:5:   nzn_winding_woodlands_three_and_one
          [nzn_winding_woodlands_5x15_pathside_ponds,
          nzn_winding_woodlands_5x15_river_crossing,
          nzn_winding_woodlands_5x15_pockets,
          nzn_winding_woodlands_center_triple_pond], layout_concentric_octagons,
          grunt_megastairs_1, uniq_kirke
Lair:6:   guppyfry_lair_end_dragon, layout_regular_city, wormcave, slime_dummy
Swamp:1:  layout_basic_swamp, evilmike_swamp_ruin_rubble_1
Swamp:2:  nicolae_swamp_flooded_prison, layout_basic_swamp,
          nicolae_swamp_round_clearing
Swamp:3:  layout_falls_marsh, serial_swamp_ruin, evilmike_swamp_ruin_house_5,
          evilmike_swamp_ruin_house_2, evilmike_swamp_ruin_house_1, swamp_pool1,
          uniq_roxanne
Orc:1:    nicolae_orc_accident_1, layout_diamond_mine, serial_shops, shop,
          special_room [special_room_orc]
Orc:2:    st_orc_rangers, layout_caves, gammafunk_ghost_berserking_beasts,
          uniq_maurice

Skill      XL: |  1  2  3  4  5  6  7  8  9 10 11 12 13 14 15 16 |
---------------+-------------------------------------------------+-----
Long Blades    | 4 5 6 7 9 11 14 16 | 16.0
Armour         | 2 3 4 5 6 7 9 10 12 | 12.2
Fighting       | 4 5 6 8 10 12 | 12.0
Dodging        | 4 6 8 10 11 12 | 12.0
Evocations     | 2 6 |  6.0
Throwing       | 5 7 9 10 11 | 11.2
Shields        | 8 10 | 10.8

Action                   |  1- 3 |  4- 6 |  7- 9 | 10-12 | 13-15 | 16-18 || total
-------------------------+-------+-------+-------+-------+-------+-------++-------
Melee: Falchion          |   135 |   238 |   273 |       |       |       ||   646
       Tailslap          |       |     3 |     6 |       |    19 |     2 ||    30
       Scimitar          |       |       |    35 |   343 |    15 |     8 ||   401
       Long sword        |       |       |     7 |       |       |       ||     7
       Double sword      |       |       |       |   205 |  1270 |   689 ||  2164
       Great sword       |       |       |       |    24 |       |       ||    24
       Morningstar       |       |       |       |       |    58 |       ||    58
Throw: Dart              |       |       |       |    21 |   118 |    35 ||   174
       Throwing net      |       |       |       |       |     2 |       ||     2
       Javelin           |       |       |       |       |       |     3 ||     3
Invok: Berserk           |       |     5 |     7 |     9 |    20 |     6 ||    47
       Trog's Hand       |       |     1 |     2 |     5 |     9 |     6 ||    23
       Brothers in Arms  |       |       |       |     3 |     4 |     5 ||    12
Evoke: Wand              |       |       |       |     4 |     8 |     4 ||    16
       Lightning rod     |       |       |       |       |       |     4 ||     4
  Use: Scroll            |       |    11 |    12 |     8 |     3 |     3 ||    37
       Potion            |       |       |       |     1 |     5 |     1 ||     7
 Stab: Sleeping          |     1 |       |       |       |       |       ||     1
       Held in net/web   |       |       |       |       |     4 |       ||     4
       Paralysed         |       |       |       |       |     4 |       ||     4
Armor: Animal skin       |     5 |       |       |       |       |       ||     5
       Chain mail        |    70 |   108 |   140 |    16 |       |   291 ||   625
       Plate armour      |       |       |       |   226 |   846 |    50 ||  1122
Dodge: Dodged            |    59 |   131 |   173 |   228 |   869 |   402 ||  1862
Block: Buckler           |       |       |       |       |    48 |   277 ||   325
       Rpst.: Falchion   |    18 |    37 |    36 |       |       |       ||    91
       Scimitar          |       |       |     7 |    34 |     1 |     1 ||    43
       Double sword      |       |       |       |    23 |   176 |    78 ||   277
       Great sword       |       |       |       |     4 |       |       ||     4

Table legend: (Time is in decaauts)
 A = Elapsed time spent in this place.
 B = Non-inter-level travel time spent in this place.
 C = Inter-level travel time spent in this place.
 D = Time resting spent in this place.
 E = Time spent auto-exploring this place.
 F = Levels seen in this place.
 G = Mean time per level.
                   A        B        C        D        E       F      G
               +--------+--------+--------+--------+--------+-----+--------+
         Total |  23885 |  22310 |   1575 |   1509 |  15011 |  29 |  823.6 |
       Dungeon |  13223 |  12338 |    885 |    895 |   8580 |  15 |  881.5 |
          Lair |   7059 |   6615 |    444 |    513 |   4705 |   6 | 1176.5 |
         Swamp |    986 |    933 |     53 |     37 |    611 |   3 |  328.7 |
  Orcish Mines |   1920 |   1728 |    192 |     18 |    958 |   2 |  960.0 |
         Sewer |    242 |    242 |      0 |      0 |    113 |   1 |  242.0 |
      Ice Cave |    143 |    143 |      0 |     20 |     17 |   1 |  143.0 |
       Volcano |    310 |    310 |      0 |     26 |     25 |   1 |  310.0 |
               +--------+--------+--------+--------+--------+-----+--------+

Top non-repeatable levels by time:
  Lair:6: 1869 daAuts
  Lair:5: 1430 daAuts
     D:2: 1271 daAuts
     D:1: 1207 daAuts
    D:13: 1125 daAuts
   Orc:2: 1083 daAuts
  Lair:4: 1039 daAuts
  Lair:1: 1024 daAuts
    D:12: 999 daAuts
    D:11: 979 daAuts
     D:5: 977 daAuts
  Lair:3: 957 daAuts
    D:10: 864 daAuts
     D:3: 863 daAuts
    D:15: 857 daAuts
